 Dungeon Crawl Stone Soup version 0.29.0-4-gdea44cf6ec (webtiles) character file.

Game seed: 15014538412450379683

76 qw the Ruffian (level 4, -3/35 HPs)
             Began as a Ghoul Fire Elementalist on Aug 29, 2022.
             Was an Initiate of Okawaru.
             Slain by an orc
             ... wielding a +0 hand axe of distortion
              (13 damage)
             ... on level 3 of the Dungeon.
             The game lasted 00:01:50 (2444 turns).

qw the Ruffian (Ghoul Fire Elementalist)            Turns: 2444, Time: 00:01:50

Health: -3/35      AC:  8    Str: 10 (13) XL:     4   Next: 32%
Magic:  5/5        EV:  4    Int:  8 (10) God:    Okawaru [......]
Gold:   212        SH:  0    Dex: 14 (15) Spells: 5/6 levels left

rFire   . . .      SeeInvis .     - Unarmed
rCold   + . .      Faith    .   (no shield)
rNeg    + + +      Spirit   .   g - +0 chain mail
rPois   inf        Reflect  .   (no helmet)
rElec   .          Harm     .   (no cloak)
rCorr   +          Rampage  .   (no gloves)
Will    .....                   (no boots)
Stlth   ..........              (no amulet)
HPRegen 0.00/turn               c - ring of resist corrosion
MPRegen 0.09/turn               h - +6 ring of dexterity

@: inhibited regen
A: claws 1, cold resistance 1, negative energy resistance 3, inhibited
regeneration, torment resistance 2, devour on kill
a: Renounce Religion


You were on level 3 of the Dungeon.
You worshipped Okawaru.
Okawaru was noncommittal.
You visited 1 branch of the dungeon, and saw 3 of its levels.

You collected 212 gold pieces.


Innate Abilities, Weirdness & Mutations

You are immune to poison.
You have sharp fingernails.
Your flesh is cold resistant. (rC+)
You are immune to negative energy. (rN+++)
You do not regenerate when monsters are visible.
You are immune to unholy pain and torment.
You thrive by killing the living.


   Skills:
 - Level 1.2 Fighting
 - Level 1.7 Dodging
 - Level 2.1 Stealth
 + Level 3.9 Unarmed Combat
 - Level 1.7 Spellcasting
 - Level 0.7 Conjurations
 - Level 2.4 Fire Magic


You had 5 spell levels left.
You knew the following spells:

 Your Spells              Type           Power      Damage    Failure   Level
a - Foxfire               Conj/Fire      12%        2x1d4     100%        1

Your spell library contained the following spells:

 Spells                   Type           Power      Damage    Failure   Level
 Scorch                   Fire           8%         2d5       100%        2
 Conjure Flame            Conj/Fire      3%         6-21      100%        3
 Inner Flame              Hex/Fire       2%         N/A       100%        3
 Flame Wave               Conj/Fire      3%         2d5       100%        4

Inventory:

Armour
 a - the +0 helmet of Whack-A-Mole {-Tele rPois rN+}
   (You acquired it on level 1 of the Dungeon)

   rPois:     It protects you from poison.
   rN:        It protects you from negative energy.
   -Tele:     It prevents most forms of teleportation.
 g - a +0 chain mail (worn)
Jewellery
 c - a ring of resist corrosion (left claw)
 f - the ring "Haruybaukh" {Drain rF+ rCorr Str+6 Dex+4}
   (You found it on level 3 of the Dungeon)

   [ring of strength]

   Str:       It affects your strength (+6).
   Dex:       It affects your dexterity (+4).
   rF:        It protects you from fire.
   rCorr:     It protects you from acid and corrosion.
   Drain:     It drains your maximum health when unequipped.
 h - a +6 ring of dexterity (right claw)
Scrolls
 d - 2 scrolls of identify
 e - a scroll of brand weapon {unknown}
Potions
 b - a potion of ambrosia {unknown}

Dungeon Overview and Level Annotations

Branches:
Dungeon (3/15)

Altars:
Okawaru


Message History

You scratch the orc but do no damage.
The orc hits you with a +0 hand axe of distortion.
Space warps horribly around you!
You scratch the orc.
The orc is heavily wounded.
The orc hits you with a +0 hand axe of distortion.
You blink.
You barely miss the orc. You scratch the orc but do no damage.
The orc hits you but does no damage.
2434 ||| Stepping ~*~*~tactically~*~*~ (outnumbered).
You barely miss the orc. You barely miss the orc.
The orc hits you but does no damage.
You scratch the orc.
The orc is heavily wounded.
The orc hits you with a +0 falchion.
You scratch the orc.
You kill the orc!
Okawaru accepts your kill.
You scratch the orc.
The orc is lightly wounded.
The orc hits you but does no damage.
You scratch the orc but do no damage. You claw the orc, but do no damage.
The orc is lightly wounded.
The orc hits you with a +0 hand axe.
You scratch the orc.
The orc is almost dead.
The orc hits you but does no damage.
You scratch the orc.
You kill the orc!
Okawaru accepts your kill.
You scratch the orc but do no damage.
The orc is heavily wounded.
The orc hits you but does no damage. Space warps around you.
You barely miss the orc.
The orc is heavily wounded.
The orc hits you with a +0 hand axe of distortion.
Space warps horribly around you!
You die...

.# #. .# #.
..#.# ...# .#.##
..## ...##
..##.#... #
.......###.#
#.###..o@..#
#.#..#.#####
#######.#<.#.#
#.......##.#.#
#?######...#.#
#.#### #.###.#
#....# #.(.#.#
#.####.#####.#.#
#............#.#


You could see an orc.

Vanquished Creatures
  3 adders (D:2)
  A worm (D:2)
  2 orcs (D:3)
  2 endoplasms
  2 giant cockroaches (D:1)
  5 hobgoblins (D:2)
  11 jackals
  4 kobolds
  A quokka (D:1)
  A ball python (D:1)
  2 bats (D:1)
  3 frilled lizards
  3 rats
40 creatures vanquished.

Notes
Turn   | Place    | Note
-------+----------+-------------------------------------------
     0 | D:1      | qw the Ghoul Fire Elementalist began the quest for the Orb.
     0 | D:1      | Reached XP level 1. HP: 14/14 MP: 2/2
     0 | D:1      | 0 ||| qw: Version: 0.1-a-90-g952f4b7
     0 | D:1      | 0 ||| qw: Game counter: 3930
     0 | D:1      | 0 ||| qw: Always use a shield: true
     0 | D:1      | 0 ||| qw: God list: Okawaru
     0 | D:1      | 0 ||| qw: Allow faded altars: false
     0 | D:1      | 0 ||| qw: Do Orc after D:15 true
     0 | D:1      | 0 ||| qw: Do second Lair branch before Depths: true
     0 | D:1      | 0 ||| qw: Lair rune preference: random
     0 | D:1      | 0 ||| qw: Plans: Normal
     0 | D:1      | 0 ||| PLANNING D:1-11
   351 | D:1      | Reached skill level 1 in Unarmed Combat
   607 | D:1      | Reached skill level 1 in Fighting
   607 | D:1      | Reached XP level 2. HP: 21/23 MP: 3/3
   722 | D:1      | 722 ||| Stepping ~*~*~tactically~*~*~ (stealth).
   772 | D:1      | 772 ||| Stepping ~*~*~tactically~*~*~ (stealth).
  1022 | D:1      | 1022 ||| Stepping ~*~*~tactically~*~*~ (stealth).
  1026 | D:1      | 1026 ||| Stepping ~*~*~tactically~*~*~ (stealth).
  1129 | D:1      | 1129 ||| UPGRADING to +0 ring mail.
  1139 | D:1      | 1139 ||| DROPPING +0 robe.
  1140 | D:1      | 1140 ||| READING 4 scrolls labelled WAGHIE MAGUH.
  1141 | D:1      | 1141 ||| READING 2 scrolls labelled UBLEYR LICYFUDD.
  1141 | D:1      | Identified 2 scrolls of acquirement
  1141 | D:1      | 1141 ||| ACQUIRING +0 helmet of Whack-A-Mole {-Tele rPois
                  | rN+}
  1141 | D:1      | Acquired the +0 helmet of Whack-A-Mole {-Tele rPois rN+}
  1143 | D:1      | 1143 ||| READING scroll of acquirement.
  1143 | D:1      | 1143 ||| ACQUIRING ring of resist corrosion
  1143 | D:1      | Acquired a ring of resist corrosion
  1145 | D:1      | 1145 ||| UPGRADING to ring of resist corrosion.
  1146 | D:1      | 1146 ||| READING scroll labelled MIUM DIPUBIATA.
  1147 | D:1      | 1147 ||| READING scroll labelled XUM NU IDGH.
  1148 | D:1      | 1148 ||| READING 3 scrolls of identify.
  1148 | D:1      | 1148 ||| IDENTIFYING sapphire potion
  1149 | D:1      | 1149 ||| READING 2 scrolls of identify.
  1149 | D:1      | 1149 ||| IDENTIFYING viscous yellow potion
  1150 | D:1      | 1150 ||| DROPPING potion of magic.
  1151 | D:1      | 1151 ||| DROPPING potion of brilliance.
  1152 | D:1      | 1152 ||| DROPPING potion of flight.
  1263 | D:2      | Reached skill level 2 in Unarmed Combat
  1409 | D:2      | 1409 ||| Stepping ~*~*~tactically~*~*~ (stealth).
  1410 | D:2      | 1410 ||| Stepping ~*~*~tactically~*~*~ (stealth).
  1415 | D:2      | 1415 ||| Stepping ~*~*~tactically~*~*~ (stealth).
  1425 | D:2      | Reached XP level 3. HP: 27/28 MP: 4/4
  1448 | D:2      | Found a faded altar of an unknown god.
  1464 | D:2      | Found an iron altar of Okawaru.
  1476 | D:2      | Became a worshipper of Warmaster Okawaru
  1515 | D:2      | Reached skill level 3 in Unarmed Combat
  1640 | D:2      | 1640 ||| Stepping ~*~*~tactically~*~*~ (stealth).
  1648 | D:2      | 1648 ||| Stepping ~*~*~tactically~*~*~ (stealth).
  1649 | D:2      | 1649 ||| Stepping ~*~*~tactically~*~*~ (stealth).
  1714 | D:2      | Reached XP level 4. HP: 24/35 MP: 5/5
  1859 | D:2      | 1859 ||| Stepping ~*~*~tactically~*~*~ (stealth).
  1863 | D:2      | 1863 ||| Stepping ~*~*~tactically~*~*~ (outnumbered).
  2139 | D:2      | 2139 ||| Stepping ~*~*~tactically~*~*~ (stealth).
  2312 | D:2      | 2312 ||| UPGRADING to +0 chain mail.
  2322 | D:2      | 2322 ||| DROPPING +0 ring mail.
  2323 | D:2      | 2323 ||| UPGRADING to +6 ring of dexterity.
  2324 | D:2      | 2324 ||| READING scroll labelled XOMAUFANISCH.
  2325 | D:2      | 2325 ||| DRINKING 2 coppery potions.
  2326 | D:2      | 2326 ||| DROPPING potion of degeneration.
  2402 | D:3      | Identified the ring "Haruybaukh" {Drain rF+ rCorr Str+6
                  | Dex+4}
  2434 | D:3      | 2434 ||| Stepping ~*~*~tactically~*~*~ (outnumbered).
  2444 | D:3      | Slain by an orc

Levels and vault maps discovered:
D:1:      dpeg_arrival_erosion, layout_loops_corners
D:2:      layout_loops_ring, basic_ecumenical_altar, basic_altar,
          lemuel_old_faithful
D:3:      layout_basic, grunt_temple_overflow_forces_of_nature,
          nzn_hepliaklqana_mist_gate, serial_shops, shop_fountains,
          serial_bayou, serial_bayou_pond_c, serial_bayou_crossing,
          serial_bayou_shore_b, serial_bayou_lagoon_a, serial_bayou_shore_a,
          uniq_robin

Skill      XL: |  1  2  3 |
---------------+----------+-----
Unarmed Combat | 1 2 3 |  3.9
Fighting       | 1 |  1.2
Dodging        | |  1.7
Stealth        | |  2.1
Spellcasting   | |  1.7
Conjurations   | |  0.7
Fire Magic     | |  2.4

Action                   |  1- 3 |  4- 6 || total
-------------------------+-------+-------++-------
Melee: Unarmed           |   139 |    45 ||   184
       Punch             |     1 |     2 ||     3
  Use: Scroll            |     7 |     1 ||     8
       Potion            |       |     1 ||     1
Armor: Robe              |    14 |       ||    14
       Ring mail         |    21 |     9 ||    30
       Chain mail        |       |     6 ||     6
Dodge: Dodged            |    74 |    10 ||    84

Table legend:
 A = Non-vault XP
 B = Vault XP
 C = Vault XP percentage of total XP
 D = Non-vault monster count
 E = Vault monster count
 F = Vault count percentage of total count
                 A         B        C        D         E       F
            +---------+---------+-------+---------+---------+-------
      Total |     109 |       0 |   0.0 |      40 |       0 |   0.0
            +---------+---------+-------+---------+---------+-------
        D:1 |      24 |       0 |   0.0 |      15 |       0 |   0.0
        D:2 |      77 |       0 |   0.0 |      22 |       0 |   0.0
        D:3 |       8 |       0 |   0.0 |       3 |       0 |   0.0
            +---------+---------+-------+---------+---------+-------
